General information
- name: BNet
- type: Ladder team game (AT/RT)
- host: Battle.net
- saver: miguelitito
map: PhantomGrove
- players: 4
- length: 33:55
- speed: Fast
- version: 1.26 W3XP
- replay type: Public
» download(114 KB)
Players
team 1 (winner)
Skrimer (
blue | 172 APM | 2889 actions | 16:45)
4 Blademaster
2 Wind Walk
2 Critical Strike
3 Shadow Hunter
1 Hex
2 Healing Wave
» actions
| Assign group hotkey | 50 | |
| Build / train | 65 | |
| Enter build submenu | 20 | |
| Enter hero's abilities submenu | 8 | |
| Give item / drop item | 3 | |
| Right click | 1331 | |
| Select / deselect | 263 | |
| Select group hotkey | 1044 | |
| Use ability | 105 | |
2889 total
» units
| Peon | 18 | |
| Grunt | 6 | |
| Raider | 3 | |
| Spirit Walker | 2 | |
| Kodo Beast | 1 | |
| Tauren | 1 | |
| Shaman | 1 | |
32 total
» upgrades
| Ensnare | 1 | |
| Spirit Walker Training | 1 | |
| Melee Weapons | 1 | |
| Armor | 1 | |
| Spiked Barricades | 1 | |
| Shaman Training | 1 | |
| Pillage | 1 | |
7 total
» buildings
| Altar of Storms | 1 | |
| Orc Burrow | 5 | |
| Barracks | 1 | |
| Voodoo Lounge | 1 | |
| Stronghold | 1 | |
| Beastiary | 1 | |
| Spirit Lodge | 1 | |
| War Mill | 1 | |
| Fortress | 1 | |
| Great Hall | 1 | |
| Watch Tower | 6 | |
| Tauren Totem | 1 | |
21 total
» build order
00:03 Altar of Storms
00:13 Orc Burrow
00:38 Barracks
01:23 Orc Burrow
02:04 Voodoo Lounge
02:54 Stronghold
04:06 Orc Burrow
06:09 Beastiary
06:11 Spirit Lodge
06:57 Orc Burrow
07:44 War Mill
10:59 Fortress
11:42 Great Hall
11:47 Watch Tower
11:48 Watch Tower
11:49 Watch Tower
12:01 Orc Burrow
13:31 Watch Tower
13:31 Watch Tower
13:33 Watch Tower
14:58 Tauren Totem
» items
| Healing Salve | 6 | |
| Lesser Clarity Potion | 5 | |
| Dust of Appearance | 1 | |
| Potion of Mana | 1 | |
13 total
miguelitito (
orange | 70 APM | 2390 actions | 33:55)
5 Blademaster
3 Wind Walk
2 Critical Strike
» actions
| Assign group hotkey | 15 | |
| Basic commands | 24 | |
| Build / train | 88 | |
| Enter build submenu | 39 | |
| Enter hero's abilities submenu | 6 | |
| Give item / drop item | 12 | |
| Remove unit from queue | 2 | |
| Right click | 1647 | |
| Select / deselect | 323 | |
| Select group hotkey | 88 | |
| Use ability | 141 | |
2390 total
» units
| Peon | 20 | |
| Demolisher | 10 | |
| Wind Rider | 2 | |
| Kobold Geomancer | 2 | |
| Assassin | 2 | |
| Murloc Huntsman | 2 | |
| Kobold | 1 | |
39 total
» upgrades
» buildings
| Altar of Storms | 1 | |
| Orc Burrow | 6 | |
| War Mill | 2 | |
| Voodoo Lounge | 1 | |
| Watch Tower | 22 | |
| Stronghold | 1 | |
| Beastiary | 1 | |
| Barracks | 1 | |
| Great Hall | 1 | |
| Fortress | 1 | |
37 total
» build order
00:05 Altar of Storms
00:06 Orc Burrow
00:58 War Mill
01:35 Voodoo Lounge
02:15 Watch Tower
02:35 Watch Tower
02:59 Watch Tower
04:11 Watch Tower
04:26 Watch Tower
04:29 Watch Tower
06:09 Watch Tower
06:12 Watch Tower
06:15 Watch Tower
06:50 Watch Tower
06:53 Orc Burrow
06:55 Stronghold
07:21 Watch Tower
08:26 Watch Tower
08:51 Watch Tower
08:53 Watch Tower
09:23 Beastiary
09:49 Watch Tower
10:06 Watch Tower
10:49 War Mill
10:52 Watch Tower
10:54 Watch Tower
11:36 Barracks
12:01 Watch Tower
13:15 Great Hall
14:19 Orc Burrow
14:31 Watch Tower
14:54 Watch Tower
14:59 Watch Tower
17:13 Fortress
17:43 Orc Burrow
18:28 Orc Burrow
26:05 Orc Burrow
» items
| Healing Salve | 5 | |
| Lesser Clarity Potion | 4 | |
| Scroll of Speed | 3 | |
| Dust of Appearance | 1 | |
| Boots of Speed | 1 | |
| Staff of Teleportation | 1 | |
| Potion of Lesser Invulnerability | 2 | |
| Circlet of Nobility | 2 | |
| Potion of Healing | 10 | |
| Potion of Mana | 4 | |
| Orb of Lightning | 2 | |
35 total
team 2 (loser)

»
EvilEmgee (
yellow | 38 APM | 569 actions | 14:53)
2 Blademaster
1 Wind Walk
1 Critical Strike
1 Shadow Hunter
1 Hex
» actions
| Assign group hotkey | 18 | |
| Build / train | 35 | |
| Enter build submenu | 24 | |
| Enter hero's abilities submenu | 3 | |
| Remove unit from queue | 1 | |
| Right click | 240 | |
| Select / deselect | 132 | |
| Select group hotkey | 79 | |
| Use ability | 37 | |
569 total
» units
» upgrades
| Berserker Strength | 1 | |
| Shaman Training | 2 | |
| Reinforced Defenses | 1 | |
4 total
» buildings
| Altar of Storms | 2 | |
| Orc Burrow | 3 | |
| War Mill | 1 | |
| Voodoo Lounge | 1 | |
| Watch Tower | 11 | |
| Barracks | 1 | |
| Stronghold | 1 | |
| Fortress | 1 | |
| Spirit Lodge | 1 | |
| Tauren Totem | 1 | |
23 total
» build order
00:09 Altar of Storms
00:16 Orc Burrow
00:44 War Mill
01:06 Voodoo Lounge
02:02 Watch Tower
02:25 Barracks
02:39 Orc Burrow
04:05 Stronghold
04:28 Watch Tower
06:16 Orc Burrow
06:35 Fortress
06:53 Spirit Lodge
08:43 Watch Tower
09:04 Tauren Totem
10:55 Watch Tower
11:39 Watch Tower
12:02 Watch Tower
12:25 Watch Tower
12:59 Watch Tower
13:14 Watch Tower
13:35 Watch Tower
13:59 Watch Tower
14:19 Altar of Storms
» items
| Healing Salve | 2 | |
| Lesser Clarity Potion | 1 | |
3 total
ArdbeG (
green | 58 APM | 970 actions | 16:44)
3 Mountain King
1 Storm Bolt
2 Bash
1 Paladin
1 Holy Light
» actions
| Assign group hotkey | 25 | |
| Basic commands | 111 | |
| Build / train | 90 | |
| Enter build submenu | 28 | |
| Enter hero's abilities submenu | 4 | |
| Give item / drop item | 1 | |
| Right click | 195 | |
| Select / deselect | 168 | |
| Select group hotkey | 297 | |
| Use ability | 51 | |
970 total
» units
| Peasant | 14 | |
| Footman | 4 | |
| Rifleman | 2 | |
| Priest | 3 | |
| Sorceress | 8 | |
| Mortar Team | 11 | |
| Knight | 10 | |
| Grunt | 11 | |
63 total
» upgrades
| Defend | 1 | |
| Plating | 2 | |
| Gunpowder | 1 | |
| Armor | 1 | |
| Swords | 1 | |
| Lumber Harvesting | 1 | |
| Masonry | 1 | |
| Fragmentation Shards | 1 | |
9 total
» buildings
| Altar of Kings | 1 | |
| Farm | 8 | |
| Barracks | 1 | |
| Scout Tower | 5 | |
| Arcane Tower | 1 | |
| Blacksmith | 1 | |
| Arcane Vault | 1 | |
| Keep | 1 | |
| Lumber Mill | 1 | |
| Guard Tower | 3 | |
| Town Hall | 1 | |
| Arcane Sanctum | 1 | |
| Castle | 1 | |
| Workshop | 1 | |
| Gryphon Aviary | 1 | |
28 total
» build order
00:05 Altar of Kings
00:24 Farm
00:26 Farm
00:40 Barracks
01:26 Scout Tower
01:52 Arcane Tower
02:01 Farm
02:21 Blacksmith
02:51 Arcane Vault
03:53 Keep
04:00 Farm
04:48 Lumber Mill
04:51 Scout Tower
05:56 Guard Tower
06:45 Town Hall
06:59 Farm
07:03 Scout Tower
08:17 Arcane Sanctum
09:09 Scout Tower
09:12 Scout Tower
09:19 Guard Tower
09:21 Castle
10:02 Workshop
10:10 Guard Tower
14:29 Gryphon Aviary
15:07 Farm
15:09 Farm
15:09 Farm
» items
| Scroll of Regeneration | 4 | |
| Potion of Healing | 2 | |
6 total
Chat log
(03:58 / Allies) miguelitito: help me